 Dungeon Crawl Stone Soup version 0.29-a0-1019-g84f7d21838 (webtiles) character file.

Game seed: 6959083384975958143

4587 Manisian the Ruffian (level 10, 0/68 HPs)
             Began as an Octopode Transmuter on Aug 10, 2022.
             Was a Believer of Yredelemnul.
             Slain by a yak (6 damage)
             ... on level 9 of the Dungeon.
             The game lasted 00:20:14 (11119 turns).

Manisian the Ruffian (Octopode Transmuter)         Turns: 11119, Time: 00:20:15

Health: 0/68       AC:  2    Str: 19    XL:     10   Next: 41%
Magic:  14/17      EV: 22    Int: 23    God:    Yredelemnul [**....]
Gold:   613        SH:  0    Dex: 17    Spells: 7/19 levels left

rFire   . . .      SeeInvis .     - Unarmed
rCold   . . .      Faith    +   (shield currently unavailable)
rNeg    . . .      Spirit   .   (helmet currently unavailable)
rPois   x          Reflect  .   m - amulet of faith
rElec   .          Harm     .   i - +6 ring of strength
rCorr   .          Rampage  .   k - +6 ring of intelligence
Will    +....                   b - ring of willpower
Stlth   +++.......              (no ring)
HPRegen 0.21/turn               (no ring)
MPRegen 0.15/turn               (no ring)
                                (no ring)
                                (no ring)

@: spider-form, wereblooded
A: venomous fangs, almost no armour, (amphibious), 8 rings, tiny, (camouflage
1), (gelatinous body 1), (nimble swimmer 1), (tentacles)
a: End Transformation, Renounce Religion, Recall Undead Harvest, Dark Bargain


You were on level 9 of the Dungeon.
You worshipped Yredelemnul.
Yredelemnul was noncommittal.
You were a venomous arachnid creature.
You visited 2 branches of the dungeon, and saw 10 of its levels.
You also visited: Sewer.

You collected 613 gold pieces.

Inventory:

Hand Weapons
 f - the +10 quarterstaff of a sewer (melded) {vorpal, Int+2}
   (You found it on level 6 of the Dungeon)

   It inflicts extra damage upon your enemies.
   Int:       It affects your intelligence (+2).
Missiles
 t - a throwing net
Magical Staves
 q - a staff of cold
Jewellery
 b - a ring of willpower (on tentacle)
 i - a +6 ring of strength (left front leg)
 k - a +6 ring of intelligence (right front leg)
 m - an amulet of faith (around neck)
Wands
 c - a wand of flame (37)
 l - a wand of charming (7)
 r - a wand of iceblast (6)
 u - a wand of acid (4)
Scrolls
 h - 4 scrolls of identify
 n - a scroll of fear
 o - a scroll of acquirement {unknown}
 p - a scroll of teleportation
 s - a scroll of enchant armour
Potions
 a - a potion of lignification
 d - 3 potions of mutation
 e - 2 potions of flight
 g - 3 potions of brilliance
 j - 2 potions of curing
 v - a potion of haste


   Skills:
 * Level 6.3 Fighting
 + Level 5.1 Staves
 + Level 5.5 Dodging
 + Level 5.6 Stealth
 + Level 7.7 Unarmed Combat
 + Level 5.1 Spellcasting
 + Level 5.1 Transmutations
 - Level 2.0 Ice Magic
 - Level 2.0 Poison Magic
 + Level 0.5 Invocations


You had 7 spell levels left.
You knew the following spells:

 Your Spells              Type           Power      Damage    Failure   Level
a - Beastly Appendage     Tmut           58%        N/A       5%          1
b - Wereblood             Tmut           29%        N/A       7%          2
c - Spider Form           Tmut/Pois      22%        N/A       17%         3
d - Ice Form              Ice/Tmut       22%        N/A       43%         4
e - Ensorcelled Hibernat  Hex/Ice        20%        N/A       24%         2

Your spell library contained the following spells:

 Spells                   Type           Power      Damage    Failure   Level
 Summon Small Mammal      Summ           20%        N/A       24%         1
 Call Canine Familiar     Summ           5%         N/A       50%         3
 Gell's Gravitas          Tloc           5%         N/A       50%         3
 Lesser Beckoning         Tloc           5%         N/A       50%         3
 Summon Guardian Golem    Hex/Summ       5%         N/A       50%         3
 Teleport Other           Tloc           5%         N/A       50%         3
 Anguish                  Hex/Necr       2%         N/A       85%         4


Dungeon Overview and Level Annotations

Branches:
Dungeon (9/15)             Temple (1/1) D:5             Orc (0/2) D:9
  Sewer (visited)
   Lair: D:8-11

Altars:
Dithmenos
Elyvilon
Gozag
Hepliaklqana
Kikubaaqudgha
Makhleb
Nemelex Xobeh
Okawaru
Qazlal
Ru
Sif Muna
Trog
Uskayaw
Vehumet
Wu Jian
Xom
Yredelemnul
Zin
The Shining One


Innate Abilities, Weirdness & Mutations

You are a venomous arachnid creature.
You have poisonous fangs.
You are tiny and dextrous.
Your spellcasting is less reliable in this form.
Your armour is entirely melded.
You are incapable of wielding weapons or throwing items.
You cannot wear most types of armour.
((You are amphibious.))
You can wear up to eight rings at the same time.
((Your skin changes colour to match your surroundings (Stealth+).))
((Your rubbery body absorbs attacks. (AC +1, EV +1)))
((You are camouflaged when in or above water. (Stealth+)))
((You have tentacles for arms and can constrict up to eight enemies at once.))


Message History

You hit the yak but do no damage.
The yak looks as sick as possible!
The yak is almost dead.
Your yak zombie gores the yak.
You bite the yak!
You feel a bit better.
You kill the yak!
The dead are walking!
You can now trade souls for undead servants.
The yak completely misses you. The yak gores you.
You hit the yak but do no damage.
The yak is lightly wounded.
The yak misses you. The yak completely misses you. The yak gores you.
Your yak zombie barely misses the yak.
You bite the yak!
The yak is poisoned.
The yak is heavily wounded.
You hiss as the wereblood boils in your veins!
The yak completely misses you. The yak gores you!
The yak completely misses you.
Your yak zombie gores the yak!
Your yak zombie gores the yak but does no damage.
You are too injured to fight recklessly!
You are too injured to fight recklessly!
You are too injured to fight recklessly!
You hit the yak.
The yak is heavily wounded.
The yak gores you!
* * * LOW HITPOINT WARNING * * *
The yak barely misses you. The yak completely misses you.
Your yak zombie completely misses the yak.
Your yak zombie gores the yak!
You swap places.
The yak attacks as you move away! The yak gores you!
* * * LOW HITPOINT WARNING * * *
The yak attacks as you move away! The yak closely misses you.
Your bullfrog zombie closely misses the yak.
The yak gores your bullfrog zombie!!
Your bullfrog zombie is destroyed!
You hit the yak.
The yak is poisoned.
The yak is moderately wounded.
The yak completely misses you. The yak attacks as you move away!
The yak gores you.
You die...
Your body rises from the dead as a mindless zombie.

...#
#.......#
...#
#.......#
...#
#....Z..#
...#
#####'###
#### #Z.##
##..##
##Z.# ##.#
#s# #Y#
......YYY#
.......ZZ#
.........#
.........#
.........#
.........#
.........#


You could see 4 yaks, 2 friendly yak zombies, a friendly acid dragon zombie, a
friendly gnoll zombie and a friendly orc wizard zombie.

Vanquished Creatures
  Maggie (D:7)
  Sigmund (D:3)
  2 yaks (D:9)
  A steam dragon (D:9)
  An acid dragon (D:9)
  2 water moccasins (D:5)
  Duvessa (D:7)
  2 orc warriors
  Pargi (Sewer)
  An ice beast (D:7)
  An ogre (D:6)
  A sky beast (D:7)
  2 centaurs (D:9)
  4 phantoms
  2 kobold brigands
  2 necrophages
  2 scorpions
  3 bullfrogs
  2 gnoll sergeants
  8 wights (D:8)
  Dowan (D:7)
  A lava snake (D:8)
  3 howler monkeys (D:8)
  A crimson imp (D:5)
  4 hounds
  2 orc priests
  4 iguanas
  6 orc wizards
  12 gnolls
  5 adders
  A white imp (D:5)
  An ufetubus (D:6)
  3 worms
  3 dart slugs
  35 orcs
  5 ball pythons
  6 endoplasms
  10 giant cockroaches
  2 goblins
  6 hobgoblins
  2 jackals (D:5)
  5 quokkas
  5 bats
  5 frilled lizards
  19 kobolds
  4 rats
191 creatures vanquished.

Vanquished Creatures (collateral kills)
  An ice beast (D:6)
  A centaur (D:9)
  A jelly (D:6)
  A gnoll (D:9)
  A giant cockroach (D:6)
  4 quokkas (D:6)
  3 kobolds
12 creatures vanquished.

Vanquished Creatures (others)
  2 centaur zombies (D:9)
  2 bullfrog zombies
  A howler monkey zombie (D:8)
  An elf zombie (D:7)
  An iguana zombie (D:5)
  2 gnoll zombies (D:9)
  3 kobold zombies
  3 orc zombies
  A spectral ufetubus (D:6)
16 creatures vanquished.

Grand Total: 219 creatures vanquished

Notes
Turn   | Place    | Note
-------+----------+-------------------------------------------
     0 | D:1      | Manisian the Octopode Transmuter began the quest for the
                  | Orb.
     0 | D:1      | Reached XP level 1. HP: 13/13 MP: 3/3
    85 | D:1      | Reached XP level 2. HP: 18/18 MP: 3/5
    96 | D:1      | Learned a level 2 spell: Wereblood
   628 | D:1      | Reached XP level 3. HP: 14/23 MP: 4/6
  1188 | D:2      | Learned a level 3 spell: Spider Form
  1221 | D:2      | Reached skill level 1 in Stealth
  1964 | D:2      | Reached skill level 4 in Unarmed Combat
  1964 | D:2      | Reached XP level 4. HP: 28/28 MP: 4/7
  2209 | D:3      | Found an iron altar of Okawaru.
  2254 | D:3      | Identified the +1 pair of gloves of Terror {rElec rPois
                  | Str-5}
  2430 | D:3      | Noticed Sigmund
  2521 | D:3      | Killed Sigmund
  2522 | D:3      | Reached XP level 5. HP: 16/33 MP: 5/9
  2522 | D:3      | Reached XP level 6. HP: 18/38 MP: 5/10
  2623 | D:3      | Identified the +4 ring mail of the Inquisitive Tables {Harm
                  | Str+2 Dex+3}
  2689 | D:3      | Found a faded altar of an unknown god.
  3142 | D:4      | Reached skill level 1 in Poison Magic
  3641 | D:4      | Reached skill level 5 in Unarmed Combat
  3641 | D:4      | Reached XP level 7. HP: 20/45 MP: 9/12
  3858 | D:4      | Learned a level 4 spell: Ice Form
  3861 | D:4      | Learned a level 2 spell: Ensorcelled Hibernation
  4100 | D:5      | Entered Level 5 of the Dungeon
  4250 | D:5      | Found a burning altar of Makhleb.
  4336 | D:5      | Reached skill level 1 in Ice Magic
  4712 | D:5      | Found a staircase to the Ecumenical Temple.
  4723 | D:5      | Reached XP level 8. HP: 28/52 MP: 8/13
  4840 | Temple   | Entered the Ecumenical Temple
  5112 | Temple   | Became a worshipper of Yredelemnul the Dark
  5310 | D:5      | Found a sparkling altar of Nemelex Xobeh.
  5327 | D:5      | Reached skill level 6 in Unarmed Combat
  5807 | D:6      | Identified the +10 quarterstaff of a sewer {vorpal, Int+2}
  6050 | D:6      | Found an ancient bone altar of Kikubaaqudgha.
  6053 | D:6      | Reached * piety under Yredelemnul
  6195 | D:6      | Reached ** piety under Yredelemnul
  6221 | D:6      | Found a glowing drain.
  6221 | D:6      | Reached *** piety under Yredelemnul
  6247 | Sewer    | Entered a sewer
  6267 | Sewer    | Noticed Pargi
  6279 | Sewer    | Killed Pargi
  6669 | D:6      | Identified the +1 pair of gloves "Ahehuibb" {rC+ Str+3}
  6819 | D:6      | Reached skill level 1 in Staves
  6819 | D:6      | Reached XP level 9. HP: 44/58 MP: 15/15
  7517 | D:7      | Found an ornate altar of the Wu Jian Council.
  7780 | D:7      | Found a shadowy altar of Dithmenos.
  7783 | D:7      | Reached skill level 7 in Unarmed Combat
  7801 | D:7      | Reached skill level 5 in Stealth
  7860 | D:7      | Noticed Duvessa
  7861 | D:7      | Noticed Dowan
  7867 | D:7      | Killed Duvessa
  7868 | D:7      | Reached **** piety under Yredelemnul
  7879 | D:7      | Killed Dowan
  7880 | D:7      | Reached skill level 5 in Fighting
  8347 | D:7      | Noticed Maggie
  8380 | D:7      | Your ally Dowan died
  8382 | D:7      | Killed Maggie
  8647 | D:8      | Reached skill level 5 in Dodging
  8700 | D:8      | Reached XP level 10. HP: 15/66 MP: 10/17
  8718 | D:8      | HP: 2/66 [orc warrior/+0 glaive (18)]
  9057 | D:8      | Found a glowing golden altar of the Shining One.
  9538 | D:8      | Reached skill level 5 in Spellcasting
  9538 | D:8      | Reached skill level 5 in Transmutations
 10528 | D:9      | Found a staircase to the Orcish Mines.
 10533 | D:9      | Reached skill level 5 in Staves
 10958 | D:9      | Identified the +5 mace "Gigusenn" {flame, rElec}
 10996 | D:9      | Found a bloodstained altar of Trog.
 11119 | D:9      | Slain by a yak

Illustrated notes

Levels and vault maps discovered:
D:1:      grunt_arrival_lava_bath, layout_rooms
D:2:      layout_basic, chequers_serial_rivers_large_b
D:3:      layout_basic, overflow_temple_1_default,
          chequers_ecumenical_altar_simple, chequers_serial_rivers_micro_d,
          uniq_sigmund
D:4:      layout_basic
D:5:      layout_loops_corners, mainiacjoe_overflow_paths,
          makhleb_grotto_becter, minmay_temple_entry_tees
D:6:      layout_gridville, lemuel_coloured_pillars_altar, gup_sewer_entry_pipe
D:7:      layout_loops_cross, mainiacjoe_overflow_brackets,
          grunt_dithmenos_shadows, uniq_duvessa, uniq_maggie
D:8:      layout_cave_pods, amcnicky_altar_gilded, kennysheep_big_empty_room,
          kennysheep_crisscross
D:9:      layout_roguey, lightli_temple_of_fire, orc_0_dummy,
          nicolae_fountain_basement
Temple:   jpeg_temple_clearing

Skill      XL: |  1  2  3  4  5  6  7  8  9 10 |
---------------+-------------------------------+-----
Stealth        | 1 2 4 5 |  5.6
Unarmed Combat | 4 5 6 7 |  7.7
Spellcasting   | 3 4 5 |  5.1
Transmutations | 3 4 5 |  5.1
Poison Magic   | 1 2 |  2.0
Fighting       | 2 3 4 5 6 |  6.3
Ice Magic      | 2 |  2.0
Dodging        | 3 5 |  5.5
Staves         | 1 4 5 |  5.1
Invocations    | |  0.5

Action                   |  1- 3 |  4- 6 |  7- 9 | 10-12 || total
-------------------------+-------+-------+-------+-------++-------
Melee: Unarmed           |    54 |    93 |   183 |    38 ||   368
       Kick              |    18 |    23 |    15 |     3 ||    59
       Constrict         |    16 |    21 |    22 |     3 ||    62
       Tentacles         |    11 |    18 |    17 |     7 ||    53
       Punch             |       |       |     4 |     1 ||     5
       Quarterstaff      |       |       |    80 |    28 ||   108
 Cast: Beastly Appendage |    21 |    21 |    15 |     1 ||    58
       Wereblood         |       |     5 |     9 |     3 ||    17
       Spider Form       |       |     1 |    11 |     3 ||    15
Invok: Recall Undead Har |       |       |     1 |     1 ||     2
       Dark Bargain      |       |       |       |     2 ||     2
  Use: Scroll            |     2 |     4 |    10 |       ||    16
       Potion            |       |     1 |     7 |     2 ||    10
 Stab: Sleeping          |     6 |     4 |     6 |     1 ||    17
       Distracted        |       |     1 |       |     1 ||     2
Armor: Skin              |     4 |     2 |    16 |     2 ||    24
Dodge: Dodged            |    24 |    48 |   255 |    85 ||   412

Table legend: (Time is in decaauts)
 A = Elapsed time spent in this place.
 B = Non-inter-level travel time spent in this place.
 C = Inter-level travel time spent in this place.
 D = Time resting spent in this place.
 E = Time spent auto-exploring this place.
 F = Levels seen in this place.
 G = Mean time per level.
                   A        B        C        D        E       F      G
               +--------+--------+--------+--------+--------+-----+--------+
         Total |  11104 |  10794 |    310 |   2386 |   6644 |  11 | 1009.5 |
       Dungeon |  10628 |  10373 |    255 |   2386 |   6307 |   9 | 1180.9 |
        Temple |    285 |    230 |     55 |      0 |    215 |   1 |  285.0 |
         Sewer |    190 |    190 |      0 |      0 |    122 |   1 |  190.0 |
               +--------+--------+--------+--------+--------+-----+--------+

Top non-repeatable levels by time:
     D:4: 1569 daAuts
     D:8: 1475 daAuts
     D:7: 1347 daAuts
     D:6: 1259 daAuts
     D:2: 1183 daAuts
     D:5: 1124 daAuts
     D:9: 1072 daAuts
     D:1: 1022 daAuts
     D:3: 574 daAuts
  Temple: 285 daAuts
   Sewer: 190 daAuts
